 Dungeon Crawl Stone Soup version 0.31-a0-1205-g5e5e916f41 (webtiles) character file.

Game seed: 290324008184942187

1 GreatBamboolord the Digger (level 1, 0/10 HPs)
             Began as a Deep Elf Earth Elementalist on Dec 13, 2023.
             Slain by a gnoll
             ... wielding a +0 spear
              (6 damage)
             ... on level 1 of the Dungeon.
             The game lasted 00:00:12 (41 turns).

GreatBamboolord the Digger (DEEE)                     Turns: 41, Time: 00:00:12

Health: 0/10       AC:  2    Str:  5    XL:     1   Next: 16%
Magic:  0/6        EV: 12    Int: 19    God:
Gold:   6          SH:  0    Dex: 15    Spells: 5/6 levels left

rFire   . . .        (no weapon)
rCold   . . .        (no shield)
rNeg    . . .        a - +0 robe
rPois   .            (no helmet)
rElec   .            (no cloak)
rCorr   .            (no gloves)
SInv    .            (no boots)
Will    .....        (no amulet)
Stlth   ++           (no ring)
HPRegen 0.21/turn    (no ring)
MPRegen 0.10/turn

%: no passive effects
@: very slightly contaminated
A: no striking features
a: no special abilities


You were on level 1 of the Dungeon.
You visited 1 branch of the dungeon, and saw 1 of its levels.

You collected 6 gold pieces.

Inventory:

Armour
 a - a +0 robe (worn)
Potions
 b - a potion of magic


   Skills:
 + Level 0.0 Fighting
 + Level 2.4 Dodging
 + Level 2.4 Stealth
 * Level 3.0 Spellcasting
 + Level 1.1 Transmutations
 * Level 3.3 Earth Magic


You had 5 spell levels left.
You knew the following spells:

 Your Spells              Type           Power      Damage    Failure   Level
a - Sandblast             Erth           30%        2d9       4%          1

Your spell library contained the following spells:

 Spells                   Type           Power      Damage    Failure   Level
 Passwall                 Tmut/Erth      9%         N/A       10%         2
 Stone Arrow              Conj/Erth      18%        3d8       22%         3
 Petrify                  Tmut/Erth      11%        N/A       52%         4
 Brom's Barrelling Bould  Conj/Erth      9%         2d3       58%         4


Dungeon Overview and Level Annotations

Branches:
Dungeon (1/15)

Altars:


Message History

Welcome, GreatBamboolord the Deep Elf Earth Elementalist.
If you return without finding the Orb of Zot, so far below, it's all over!
Press ? for a list of commands and other information.
Found 6 gold pieces.
Found a staircase leading out of the dungeon.
Found an escape hatch in the floor.
You now have 6 gold pieces.
Found 6 stones.
An endoplasm comes into view.
The endoplasm jiggles.
A gnoll comes into view. It is wielding a +0 spear.
You miscast Sandblast.
You are very lightly contaminated with residual magic.
Nothing appears to happen.
The blast of sand hits the endoplasm.
The endoplasm is severely wounded.
The blast of sand hits the endoplasm!
You kill the endoplasm!
Found a stone staircase leading down.
The blast of sand misses the gnoll.
The gnoll hits you from afar with a +0 spear.
Ouch! That really hurt!
You are too injured to fight recklessly!
You are too injured to fight recklessly!
Aiming: Sandblast (safe; 4% risk of failure)
Press: ? - help, Q - select action Shift-Dir - straight line, f/p - gnoll
Aim: a gnoll, wielding a +0 spear (84% to hit)
You miscast Sandblast.
Nothing appears to happen.
The gnoll misses you.
Unknown command.
Aiming: Sandblast (safe; 4% risk of failure)
Press: ? - help, Q - select action Shift-Dir - straight line, f/p - gnoll
Aim: a gnoll, wielding a +0 spear (84% to hit)
The blast of sand hits the gnoll.
The gnoll is heavily wounded.
The gnoll closely misses you.
The gnoll hits you from afar with a +0 spear.
Ouch! That really hurt!
You die...

......>... #.........
#....#####......... ..#
#....##............
..#.#....##............
....#....##............
..#......##......g....#
.........##....@......#
#......++...........#
#......##............
.....(#.#..............
..... #.##.#.###....#.#
.... #.##.#... ......#
... #.##.#........###
.. #....#.....#.... .
##...#.....#..##


You could see a gnoll.

Vanquished Creatures
  An endoplasm (D:1)
1 creature vanquished.

Notes
Turn   | Place    | Note
-------+----------+-------------------------------------------
     0 | D:1      | GreatBamboolord the Deep Elf Earth Elementalist began the
                  | quest for the Orb.
     0 | D:1      | Reached XP level 1. HP: 10/10 MP: 6/6
    41 | D:1      | Slain by a gnoll

Illustrated notes

Levels and vault maps discovered:
D:1:      lemuel_arrival_hallway, layout_basic

Action                     || total
---------------------------++-------
   Cast: Sandblast         ||     4
 Armour: Robe              ||     2
  Dodge: Dodged            ||     2

Table legend: (Time is in decaauts)
 A = Elapsed time spent in this place.
 B = Non-inter-level travel time spent in this place.
 C = Inter-level travel time spent in this place.
 D = Time resting spent in this place.
 E = Time spent auto-exploring this place.
 F = Levels seen in this place.
 G = Mean time per level.
                   A        B        C        D        E       F      G
               +--------+--------+--------+--------+--------+-----+--------+
         Total |     42 |     42 |      0 |      0 |     30 |   1 |   42.0 |
       Dungeon |     42 |     42 |      0 |      0 |     30 |   1 |   42.0 |
               +--------+--------+--------+--------+--------+-----+--------+

Top non-repeatable levels by time:
     D:1: 42 daAuts
